 Dungeon Crawl Stone Soup version 0.25-a0-634-gd1561dc703 (webtiles) character file.

Game seed: 1748785872486183030, levelgen mode: deterministic

23 An17 the Caller (level 2, 15/15 HPs)
             Began as a Vine Stalker Wanderer on Mar 20, 2020.
             Got out of the dungeon alive.
             The game lasted 00:01:56 (376 turns).

An17 the Caller (Vine Stalker Wanderer)              Turns: 376, Time: 00:01:56

Health: 15/15      AC:  2    Str: 14    XL:     2   Next: 95%
Magic:  3/3        EV: 11    Int: 13    God:
Gold:   38         SH:  0    Dex: 12    Spells: 0/1 levels left

rFire    . . .     SeeInvis .   a - +2 short sword
rCold    . . .     Gourm    .   (no shield)
rNeg     . . .     Faith    .   d - +0 robe
rPois    .         Spirit   +   (no helmet)
rElec    .         Reflect  .   (no cloak)
rCorr    .         Harm     .   (no gloves)
MR       .....                  (no boots)
Stlth    ++........             (no amulet)
HPRegen  0.05/turn              (no ring)
MPRegen  0.08/turn              (no ring)

@: no status effects
A: fangs 2, magic shield, antimagic bite, no potion heal 3, rot immunity
a: no special abilities


You escaped.
You were not hungry.

You visited 1 branch of the dungeon, and saw 1 of its levels.

You collected 38 gold pieces.

Inventory:

Hand Weapons
 a - a +2 short sword (weapon)
Armour
 d - a +0 robe (worn)
 e - a +0 ring mail
Scrolls
 c - a scroll of magic mapping {unknown}
Potions
 b - a potion of curing
 g - a potion of lignification {unknown}
Comestibles
 f - a ration


   Skills:
 + Level 2.1 Fighting
 + Level 1.6 Short Blades
 + Level 1.0 Dodging
 + Level 1.2 Stealth
   Level 1.0 Shields
 + Level 3.4 Summonings
   Level 1.0 Evocations


You couldn't memorise any spells.
You knew the following spells:

 Your Spells              Type           Power        Failure   Level  Hunger
a - Summon Butterflies    Summ           #.......     8%          1    ##.....

Your spell library contained the following spells:

 Spells                   Type           Power        Failure   Level  Hunger
 Summon Guardian Golem    Hex/Summ       #.......     43%         3    ####...


Dungeon Overview and Level Annotations

Branches:
Dungeon (1/15)

Altars:


Innate Abilities, Weirdness & Mutations

You have extremely sharp teeth.
When hurt, damage is shared between your health and your magic reserves.
Your bite disrupts and absorbs the magic of your enemies.
Potions cannot restore your health.
You are immune to rotting.


Message History

A goblin comes into view.
There is an open door here.
You can't go up here!
You can't go down here!
The goblin shouts!
You closely miss the goblin. You bite the goblin.
You kill the goblin!
There is a staircase leading out of the dungeon here.
Unknown command.
Unknown command.
Unknown command.
Unknown command.
Unknown command.
Unknown command.
Unknown command.
Unknown command.
Unknown command.
There is a staircase leading out of the dungeon here.
Are you sure you want to leave the Dungeon?
This will make you lose the game!
You have escaped!

#.##[.##.# #...
#........# #.##
#####.####
#########.## #.#
.......#...# #.#
#.....#.. #.. #####
.....#.#...# #..
##...#########.##.##
#...
#.....##...##...#.##
..
#..@..##............
#.....##....#...#.#.
##...##...#####....#
##'##.#.##...##....
#..#.#>#.....###.#
#⌠.....'.....# ##.
##.#.#.#.....# #
#.#.####...## .
#.#.# ##### #.


There were no monsters in sight!

Vanquished Creatures
  An ooze (D:1)
  2 dart slugs (D:1)
  5 bats (D:1)
  A giant cockroach (D:1)
  3 goblins (D:1)
  2 hobgoblins (D:1)
  A rat (D:1)
15 creatures vanquished.

Notes
Turn   | Place    | Note
-------+----------+-------------------------------------------
     0 | D:1      | An17 the Vine Stalker Wanderer began the quest for the Orb.
     0 | D:1      | An17 set off with the following items: a +2 short sword, a
                  | potion of curing, a +0 robe, a ration; and the following
                  | spell memorised: Summon Butterflies; and the following
                  | spells available to memorise: Summon Guardian Golem
     0 | D:1      | Reached XP level 1. HP: 11/11 MP: 2/2
    65 | D:1      | Reached XP level 2. HP: 14/15 MP: 3/3
   376 | D:$      | Got out of the dungeon alive.

Levels and vault maps discovered:
D:1:      noname_arrival_rooms_in_the_neighbourhood, layout_loops_ring,
          nrook_mini_vaults

Skill      XL: |  1 |
---------------+----+-----
Fighting       | 2 |  2.1
Short Blades   | |  1.6
Dodging        | |  1.0
Stealth        | |  1.2
Shields        | |  1.0
Summonings     | |  3.4
Evocations     | |  1.0

Action                   || total
-------------------------++-------
Melee: Short sword       ||    42
       Bite              ||    13
 Cast: Summon Butterflie ||     1
  Use: Scroll            ||     1
 Stab: Sleeping          ||     1
Armor: Robe              ||    14
Dodge: Dodged            ||    28

Table legend:
 A = Non-vault XP
 B = Vault XP
 C = Vault XP percentage of total XP
 D = Non-vault monster count
 E = Vault monster count
 F = Vault count percentage of total count
                 A         B        C        D         E       F
            +---------+---------+-------+---------+---------+-------
      Total |      33 |       0 |   0.0 |      15 |       0 |   0.0
            +---------+---------+-------+---------+---------+-------
        D:1 |      33 |       0 |   0.0 |      15 |       0 |   0.0
            +---------+---------+-------+---------+---------+-------
